 Dungeon Crawl Stone Soup version 0.30-a0-297-g0ec75d9ef4 (webtiles) character file.

Game seed: 9207322296366362186

9 Ashen the Caller (level 2, 19/19 HPs)
             Began as a Demonspawn Summoner on Oct 19, 2022.
             Got out of the dungeon alive.
             The game lasted 00:02:43 (393 turns).

Ashen the Caller (Demonspawn Summoner)               Turns: 393, Time: 00:02:43

Health: 19/19      AC:  3    Str:  8    XL:     2   Next: 3%
Magic:  5/5        EV: 12    Int: 16    God:
Gold:   15         SH:  0    Dex: 13    Spells: 4/5 levels left

rFire   . . .      SeeInvis .    (no weapon)
rCold   . . .      Faith    .    (no shield)
rNeg    . . .      Spirit   .    a - +0 robe
rPois   .          Reflect  .    (no helmet)
rElec   .          Harm     .    (no cloak)
rCorr   .          Rampage  .    (no gloves)
Will    .....                    e - +0 pair of boots
Stlth   ++........               (no amulet)
HPRegen 0.23/turn                (no ring)
MPRegen 0.09/turn                (no ring)

@: no status effects
A: claws 1
a: no special abilities


You escaped.
You visited 1 branch of the dungeon, and saw 1 of its levels.

You collected 15 gold pieces.

Inventory:

Armour
 a - a +0 robe (worn)
 e - a +0 pair of boots (worn)
Potions
 b - a potion of magic
 c - a potion of might {unknown}
 d - a potion of flight {unknown}
 f - a potion of lignification {unknown}
 g - 4 potions of mutation {unknown}
 h - a potion of cancellation {unknown}


   Skills:
 + Level 2.0 Dodging
 + Level 2.0 Stealth
 + Level 2.1 Spellcasting
 + Level 4.1 Summonings


You had 4 spell levels left.
You knew the following spells:

 Your Spells              Type           Power      Damage    Failure   Level
a - Summon Small Mammal   Summ           56%        N/A       3%          1

Your spell library contained the following spells:

 Spells                   Type           Power      Damage    Failure   Level
 Call Imp                 Summ           14%        N/A       5%          2
 Call Canine Familiar     Summ           14%        N/A       11%         3
 Summon Guardian Golem    Hex/Summ       8%         N/A       26%         3
 Blink                    Tloc           2%         N/A       30%         2
 Momentum Strike          Conj/Tloc      2%         3d8       30%         2
 Lesser Beckoning         Tloc           2%         N/A       52%         3
 Summon Lightning Spire   Summ/Air       8%         N/A       65%         4


Dungeon Overview and Level Annotations

Branches:
Dungeon (1/15)

Altars:


Innate Abilities, Weirdness & Mutations

You have sharp fingernails.


Message History

Your bat hits the endoplasm.
Your quokka bites the endoplasm but does no damage.
Your bat hits the endoplasm but does no damage.
You hit the endoplasm but do no damage.
The endoplasm is severely wounded.
Your bat hits the endoplasm but does no damage.
Your quokka bites the endoplasm.
The endoplasm misses you.
You barely miss the endoplasm.
The endoplasm is almost dead.
Your bat hits the endoplasm but does no damage.
Your quokka bites the endoplasm.
The endoplasm dies!
Your Dodging skill increases to level 2!
Your Stealth skill increases to level 2!
Your bat disappears in a puff of smoke!
You swap places.
A goblin comes into view. It is wielding a +0 dagger.
A goblin is nearby!
The helpless goblin fails to defend itself.
You hit the goblin.
The goblin is moderately wounded.
Your quokka bites the goblin.
The goblin hits you with a +0 dagger.
You miss the goblin.
The goblin is heavily wounded.
Your quokka bites the goblin.
The goblin dies!
You have reached level 2!
Your demonic ancestry asserts itself...
Your fingernails lengthen.
Okay, then.
Unknown command.
Your quokka disappears in a puff of smoke!
g - 4 puce potions (gained 3)
h - a viscous red potion
Found a runed whip.
You enter the shallow water.
Moving in this stuff is going to be slow.
There is a staircase leading out of the dungeon here.
Are you sure you want to leave the Dungeon?
This will make you lose the game!
You have escaped!

+.....#.# ##..###.#
#.......#
#######§########
§≈≈≈≈§≈.≈≈≈§≈§≈#
§≈≈≈≈§.§..≈≈§§§#
≈§....~~~....≈≈#
≈§..~~~.~~~...≈#####.###
§§.~~..@.~~~..........).
§...~~~.~~~...≈#.###.##
≈≈....~~~....≈≈#.....##.
§≈§§§....§§§§≈≈#........
≈≈§§§§§§§≈§≈§≈≈#.#######
################.# #...
......#.# #.## ###...#
#. #.....####.#.


There were no monsters in sight!

Vanquished Creatures (collateral kills)
  2 endoplasms (D:1)
  2 goblins (D:1)
  A bat (D:1)
  2 frilled lizards (D:1)
  A kobold (D:1)
  A rat (D:1)
9 creatures vanquished.

Notes
Turn   | Place    | Note
-------+----------+-------------------------------------------
     0 | D:1      | Ashen the Demonspawn Summoner began the quest for the Orb.
     0 | D:1      | Reached XP level 1. HP: 13/13 MP: 3/3
   349 | D:1      | Gained mutation: You have sharp fingernails. [demonic
                  | ancestry]
   349 | D:1      | Reached XP level 2. HP: 17/19 MP: 5/5
   393 | D:$      | Got out of the dungeon alive.

Illustrated notes

Levels and vault maps discovered:
D:1:      dpeg_arrival_shrine, layout_basic, ebering_ecumenical_altar_rust

Skill      XL: |  1 |
---------------+----+-----
Dodging        | 2 |  2.0
Stealth        | 2 |  2.0
Spellcasting   | |  2.1
Summonings     | |  4.1

Action                   || total
-------------------------++-------
Melee: Unarmed           ||    17
 Cast: Summon Small Mamm ||    12
 Stab: Sleeping          ||     1
Armor: Robe              ||     4
Dodge: Dodged            ||    13

Table legend: (Time is in decaauts)
 A = Elapsed time spent in this place.
 B = Non-inter-level travel time spent in this place.
 C = Inter-level travel time spent in this place.
 D = Time resting spent in this place.
 E = Time spent auto-exploring this place.
 F = Levels seen in this place.
 G = Mean time per level.
                   A        B        C        D        E       F      G
               +--------+--------+--------+--------+--------+-----+--------+
         Total |    394 |    381 |     13 |      0 |    236 |   1 |  394.0 |
       Dungeon |    394 |    381 |     13 |      0 |    236 |   1 |  394.0 |
               +--------+--------+--------+--------+--------+-----+--------+

Top non-repeatable levels by time:
     D:1: 394 daAuts
